 Dungeon Crawl Stone Soup version 0.27-a0-1065-ge809cff (webtiles) character file.

Game seed: 15832169973237361775

797 Nithhogg the Demonic Mishap (level 7, -2/56 HPs)
             Began as a Demonspawn Fighter on Apr 22, 2021.
             Was an Initiate of Qazlal.
             Succumbed to an orc wizard's poison
             ... on level 5 of the Dungeon.
             The game lasted 00:06:02 (5077 turns).

Nithhogg the Demonic Mishap (Demonspawn Fighter)    Turns: 5077, Time: 00:06:02

Health: -2/56      AC: 15    Str: 19    XL:     7   Next: 58%
Magic:  10/10      EV:  7    Int:  9    God:    Qazlal [......]
Gold:   275        SH:  0    Dex: 12    Spells: 6/6 levels left

rFire    . . .     SeeInvis .   a - +1 war axe
rCold    . . .     Faith    .   c - +0 kite shield
rNeg     . . .     Spirit   .   b - +1 scale mail
rPois    .         Reflect  .   m - +0 helmet
rElec    .         Harm     .   (no cloak)
rCorr    .         Rampage  .   (no gloves)
Will     .....                  p - +2 pair of boots
Stlth    ..........             (no amulet)
HPRegen  0.18/turn              (no ring)
MPRegen  0.12/turn              (no ring)

@: confused, lethally poisoned (-2 -> -17)
A: claws 1, molten scales 2, demonic guardian 2
a: Renounce Religion


You were on level 5 of the Dungeon.
You worshipped Qazlal.
Qazlal was noncommittal.
You visited 2 branches of the dungeon, and saw 7 of its levels.

You collected 275 gold pieces.

Inventory:

Hand Weapons
 a - a +1 war axe (weapon)
Armour
 b - a +1 scale mail (worn)
 c - a +0 kite shield (worn)
 m - a +0 helmet (worn)
 p - a +2 pair of boots (worn)
Wands
 i - a wand of charming (9)
Scrolls
 f - a scroll of enchant armour
 k - 2 scrolls of amnesia
 n - a scroll of enchant weapon
 o - 2 scrolls of magic mapping
Potions
 d - a potion of might
 e - a potion of resistance
 h - a potion of flight {unknown}
 j - 2 potions of ambrosia {unknown}
 r - a potion of haste {unknown}


   Skills:
 + Level 5.2 Fighting
 + Level 4.2 Axes
 + Level 4.7 Armour
 - Level 2.6 Shields
 + Level 5.3 Invocations


You had 6 spell levels left.
You didn't know any spells.
Your spell library contained the following spells:

 Spells                   Type           Power      Damage    Failure   Level
 Confusing Touch          Hex            0%         N/A       100%        3
 Gell's Gravitas          Tloc           0%         N/A       100%        3
 Petrify                  Tmut/Erth      0%         N/A       100%        4
 Metabolic Englaciation   Hex/Ice        0%         N/A       100%        5
 Yara's Violent Unravell  Hex/Tmut       0%         3d3       100%        5


Dungeon Overview and Level Annotations

Branches:
Dungeon (6/15)             Temple (1/1) D:5

Altars:
Ashenzari
Cheibriados
Dithmenos
Fedhas
Gozag
Hepliaklqana
Kikubaaqudgha
Makhleb
Nemelex Xobeh
Okawaru
Qazlal
Ru
Sif Muna
Trog
Uskayaw
Vehumet
Wu Jian
Yredelemnul
Zin
The Shining One

Shops:
D:1 [


Innate Abilities, Weirdness & Mutations

You have sharp fingernails.
You are mostly covered in molten scales. (AC +3)
A demonic guardian rushes to your aid.


Message History

There is a stone staircase leading down, spattered with blood here.
You see here a water moccasin corpse.
You climb downwards.
There is a stone staircase leading up here.
The orc wizard hits you but does no damage.
You slash the orc wizard!
You kill the orc wizard!
Qazlal accepts your kill.
You closely miss the orc wizard.
The orc wizard points at you and mumbles some strange words.
The puff of flame hits you but does no damage.
The orc wizard casts a spell at you. You resist with some effort.
You miss the orc wizard. You hit the orc wizard.
The orc wizard hits you but does no damage.
You are electrocuted!!
The orc wizard completely misses you.
The orc wizard gestures at you while chanting.
The magic dart hits you!
You closely miss the orc wizard.
The orc wizard is moderately wounded.
You barely miss the orc wizard.
The orc wizard gestures at you while chanting.
The puff of flame hits you! You block the orc wizard's attack.
The orc wizard hits you with a +2 dagger of venom.
You are poisoned.
You block the orc wizard's attack.
You feel very sick.
The orc wizard gestures at you while chanting.
You are confused.
There is a stone staircase leading up here.
You feel sick.
The orc wizard hits you but does no damage.
You are lethally poisoned!
The orc wizard hits you with a +1 dagger of electrocution.
* * * LOW HITPOINT WARNING * * *
You are electrocuted!
* * * LOW HITPOINT WARNING * * *
A demonic guardian appears!
You climb upwards.
You die...

..#####)##.##.........#...#......
#.#####[##.#####.##.##.....##.##)
...<))...........##.##.....##.##.
#)#####.###..#.####..>........##.
#.#####.###.###.######....######.
#..........## ##.## #...## ##
...####.#.## ####.# #...# ######
##.####.##.###(..## #...# #....#
#.....#.##..##.#@#####...###.##.'
#.....#.##...#.o.o....).........#
#...........#.#.................#
#.....#####.###........(........#
......#####.....######...###.###.
###......####.### #.###.##.....
.........# #.# #.###.####...
##...###.####.# #.#.#......##
##............# ##....###..##


You could see 2 orc wizards.

Vanquished Creatures
  2 water moccasins
  An ogre (D:5)
  A centaur (D:5)
  A scorpion (D:4)
  2 bullfrog zombies
  A centaur zombie (D:5)
  A gnoll shaman (D:5)
  An iguana (D:5)
  An orc wizard (D:6)
  A howler monkey zombie (D:3)
  4 gnolls (D:5)
  2 adders
  2 ufetubi (D:5)
  An adder skeleton (D:4)
  An adder zombie (D:5)
  3 dart slugs
  11 orcs
  9 bats
  An endoplasm (D:2)
  5 giant cockroaches
  2 goblins (D:2)
  7 hobgoblins
  15 jackals
  8 kobolds
  3 quokkas
  6 ball pythons
  2 frilled lizards (D:2)
  3 rats
97 creatures vanquished.

Notes
Turn   | Place    | Note
-------+----------+-------------------------------------------
     0 | D:1      | Nithhogg the Demonspawn Fighter began the quest for the
                  | Orb.
     0 | D:1      | Reached XP level 1. HP: 18/18 MP: 1/1
   191 | D:1      | Found a faded altar of an unknown god.
   224 | D:1      | Found Felyvahaorgh's Armour Emporium.
   230 | D:1      | Reached skill level 1 in Invocations
   230 | D:1      | Gained mutation: You are partially covered in molten
                  | scales. (AC +2) [demonic ancestry]
   230 | D:1      | Reached XP level 2. HP: 24/24 MP: 2/2
   984 | D:2      | Gained mutation: You have sharp fingernails. [demonic
                  | ancestry]
   984 | D:2      | Reached XP level 3. HP: 28/29 MP: 4/4
  1991 | D:3      | Gained mutation: A weak demonic guardian rushes to your
                  | aid. [demonic ancestry]
  1991 | D:3      | Reached XP level 4. HP: 33/36 MP: 5/5
  2452 | D:4      | Noticed a scorpion
  2462 | D:4      | Killed a scorpion
  2463 | D:4      | Reached XP level 5. HP: 31/42 MP: 5/7
  2963 | D:5      | Entered Level 5 of the Dungeon
  2966 | D:5      | Noticed a centaur
  2980 | D:5      | Killed a centaur
  3166 | D:5      | Gained mutation: You are mostly covered in molten scales.
                  | (AC +3) [demonic ancestry]
  3166 | D:5      | Reached XP level 6. HP: 35/48 MP: 8/8
  4095 | D:5      | Gained mutation: A demonic guardian rushes to your aid.
                  | [demonic ancestry]
  4095 | D:5      | Reached XP level 7. HP: 50/55 MP: 10/10
  4145 | D:5      | Found a staircase to the Ecumenical Temple.
  4236 | Temple   | Entered the Ecumenical Temple
  4386 | Temple   | Became a worshipper of Qazlal Stormbringer
  4445 | D:6      | HP: 2/55 [poisoned by a water moccasin]
  4775 | D:6      | Reached skill level 5 in Fighting
  4775 | D:6      | Reached skill level 5 in Invocations
  5077 | D:5      | Succumbed to an orc wizard's poison

Illustrated notes

Levels and vault maps discovered:
D:1:      minmay_arrival_cross, layout_loops_ring, serial_shops,
          nicolae_shop_behind_doors, hellmonk_ecumenical_altar_lost_god
D:2:      layout_basic, minmay_misc_feat_plants
D:3:      layout_basic, minivault_14, chequers_hall_statues_corner_a
D:4:      layout_cave_pools, grunt_ministairs_1, minmay_misc_feat_rugged
D:5:      layout_loops_cross, minmay_temple_entry_glassed_door
D:6:      layout_basic, lemuel_crystal_altar, corexii_checkpoint_a
Temple:   regret_index_temple_chain_breaker

Skill      XL: |  1  2  3  4  5  6  7 |
---------------+----------------------+-----
Axes           | 2 3 4 |  4.2
Invocations    | 1 2 3 4 5 |  5.3
Armour         | 3 4 |  4.7
Fighting       | 4 5 |  5.2
Shields        | |  2.6

Action                   |  1- 3 |  4- 6 |  7- 9 || total
-------------------------+-------+-------+-------++-------
Melee: War axe           |   142 |   163 |    33 ||   338
  Use: Scroll            |     3 |     6 |     1 ||    10
       Potion            |       |       |     2 ||     2
Armor: Scale mail        |   102 |   140 |    34 ||   276
Dodge: Dodged            |    62 |    64 |    21 ||   147
Block: Kite shield       |    85 |   123 |    32 ||   240

Table legend: (Time is in decaauts)
 A = Elapsed time spent in this place.
 B = Non-inter-level travel time spent in this place.
 C = Inter-level travel time spent in this place.
 D = Time resting spent in this place.
 E = Time spent auto-exploring this place.
 F = Levels seen in this place.
 G = Mean time per level.
                   A        B        C        D        E       F      G
               +--------+--------+--------+--------+--------+-----+--------+
         Total |   5287 |   5119 |    168 |    191 |   3997 |   7 |  755.3 |
       Dungeon |   5120 |   4968 |    152 |    191 |   3859 |   6 |  853.3 |
        Temple |    166 |    150 |     16 |      0 |    138 |   1 |  166.0 |
               +--------+--------+--------+--------+--------+-----+--------+

Top non-repeatable levels by time:
     D:5: 1839 daAuts
     D:1: 998 daAuts
     D:2: 741 daAuts
     D:3: 678 daAuts
     D:4: 667 daAuts
     D:6: 195 daAuts
  Temple: 166 daAuts
